 Dungeon Crawl Stone Soup version 0.20.0-1-g1cb1d84 (webtiles) character file.

35500 rodrick the Grappler (level 13, -12/130 HPs)
             Began as a Troll Monk on May 27, 2017.
             Was an Elder of Qazlal.
             Shot with a bolt by a naga sharpshooter (15 damage)
             ... on level 1 of the Snake Pit.
             The game lasted 01:01:59 (14059 turns).

rodrick the Grappler (Troll Monk)                  Turns: 14059, Time: 01:02:00

Health: -12/130    AC:  9    Str: 26    XL:     13   Next: 47%
Magic:  9/17       EV: 13    Int:  6    God:    Qazlal [****..]
Gold:   1391       SH: 15    Dex: 18    Spells: 12/12 levels left

rFire    . . .     SeeInvis +     - Unarmed
rCold    . . .     Gourm    +   E - +0 shield of Reason {+Blink MR++ Dex+4} (curse)
rNeg     . . .     Faith    .   U - +0 troll leather armour
rPois    .         Spirit   .   (helmet restricted)
rElec    .         Reflect  .   a - +1 cloak
rCorr    .         Harm     .   (gloves unavailable)
MR       ++...                  (boots unavailable)
Stlth    +.........             x - amulet of magic regeneration
Regen    1.2/turn               O - ring of see invisible
MPRegen  0.3/turn               s - +2 ring of dexterity

@: repel missiles
A: unfitting armour, claws 3, fast metabolism 3, gourmand, regeneration 1,
shaggy fur 1, tough skin 2
a: Upheaval, Elemental Force, Renounce Religion, Evoke Blink


You were on level 1 of the Snake Pit.
You worshipped Qazlal.
Qazlal was greatly pleased with you.
You were very full.

You visited 5 branches of the dungeon, and saw 18 of its levels.
You also visited: Labyrinth, Sewer and Bailey.

You collected 1391 gold pieces.

Inventory:

Missiles
 f - 56 tomahawks of returning (quivered)
Armour
 a - a +1 cloak (worn)
 E - the cursed +0 shield of Reason (worn) {+Blink MR++ Dex+4}
   (You took it off a minotaur in a labyrinth)

   It affects your dexterity (+4).
   It affects your resistance to hostile enchantments.
   It lets you blink.
   It has a curse placed upon it.
 U - a +0 troll leather armour (worn)
Jewellery
 s - a +2 ring of dexterity (right claw)
 t - a +3 ring of strength {unknown}
 x - an amulet of magic regeneration (around neck)
 C - an uncursed ring of positive energy
 O - a ring of see invisible (left claw)
Wands
 d - a wand of random effects (24/48)
 m - a wand of disintegration (12/24)
Scrolls
 c - 4 scrolls of identify
 i - 6 scrolls of remove curse
 k - 4 scrolls of teleportation
 o - 4 scrolls of recharging
 w - 2 scrolls of enchant armour
 y - a scroll of holy word {unknown}
 z - a scroll of enchant weapon
 A - a scroll of blinking
 B - a scroll of fear
 D - 3 scrolls of magic mapping
 F - a scroll of fog
 K - a scroll of amnesia
 T - 2 scrolls of summoning
Potions
 e - a potion of might
 h - 4 potions of magic
 j - 5 potions of curing
 l - a potion of flight
 n - a potion of haste
 p - 3 potions of mutation {unknown}
 q - 3 potions of brilliance {unknown}
 u - 4 potions of cancellation {unknown}
 v - 3 potions of degeneration {unknown}
 I - 3 potions of invisibility
 N - 3 potions of lignification {unknown}
 P - 2 potions of agility
Comestibles
 b - 15 bread rations
 g - 8 meat rations
 r - 10 royal jellies
 M - 11 fruits


   Skills:
 + Level 8.9 Fighting
 + Level 8.8 Throwing
 - Level 7.5 Dodging
 - Level 1.2 Stealth
 + Level 4.3 Shields
 + Level 13.2 Unarmed Combat
 + Level 7.4 Invocations
 + Level 3.2 Evocations


You had 12 spell levels left.
You didn't know any spells.

Dungeon Overview and Level Annotations

Branches:
Dungeon (12/15)            Temple (1/1) D:4            Lair (2/6) D:10
  Snake (1/4) Lair:2          Orc (2/2) D:12            Elf (0/3) Orc:2
  Swamp: Lair:2-4    Shoals: Lair:2-4

Altars:
Ashenzari
Cheibriados
Dithmenos
Elyvilon
Fedhas
Gozag
Hepliaklqana
Kikubaaqudgha
Makhleb
Nemelex Xobeh
Okawaru
Qazlal
Ru
Sif Muna
Trog
Uskayaw
Vehumet
Xom
Yredelemnul
Zin
The Shining One

Shops:
D:4 :   D:12 (

Annotations:
Orc:2 Saint Roka


Innate Abilities, Weirdness & Mutations

You are too large for most types of armour.
You have claws for hands.
Your metabolism is lightning-fast.
You like to eat raw meat.
Your natural rate of healing is unusually fast.
You are covered in fur. (AC +1)
You have very tough skin. (AC +2)


Message History

The bolt is repelled.
Okay, then.
Aiming: Upheaval
Press: ? - help, Dir - move target cursor Magma suddenly erupts from the ground!
The shock serpent bites you but does no damage.
The naga sharpshooter gestures wildly while chanting.
The naga sharpshooter magically shoots a bolt.
The bolt hits you!
* * * LOW HITPOINT WARNING * * *
Aiming: Upheaval
Press: ? - help, Dir - move target cursor A storm cloud blasts the area with cutting wind!
The cutting wind hits the naga sharpshooter.
The naga sharpshooter is lightly wounded.
You block the shock serpent's attack.
The naga sharpshooter casts a spell.
The naga sharpshooter magically shoots a bolt.
The bolt hits you!
You die...

#...(...#
#......#
#.....# #(.#
#.(# ##.## #N.#
###S## ###
####.@## ###.#
##..((##
##..#####..####
###.####....##
...####....##
...# #....##
..## #...##
..####..##
...##..##


You could see a naga sharpshooter and a shock serpent.

Vanquished Creatures
  A stone giant (Orc:1)
  A minotaur (Lab)
  A hydra (Lair:1)
  A two-headed ogre (D:8)
  Sonja (Lair:2)
  An unseen horror (D:10)
  Pikel (D:7)
  6 orc knights
  An ugly thing (D:11)
  3 deep elf magi (D:12)
  A wolf spider (Lair:1)
  3 orc sorcerers (Orc:2)
  An oklob plant (Lair:1)
  A salamander (Snake:1)
  2 manticores (D:11)
  3 elephants (Lair:2)
  A black mamba (Lair:1)
  Joseph (D:10)
  Maurice (Orc:2)
  2 spiny frogs (Lair:2)
  A gargoyle (Lab)
  A komodo dragon (D:10)
  3 trolls
  2 hornets
  A merfolk (D:10)
  Grinder (D:6)
  A minotaur skeleton (Lab)
  3 blink frogs (Lair:1)
  A meliai zombie (D:12)
  7 hippogriffs
  The ghost of Malificent the Sneak, an amateur VSAs (D:4)
  Sigmund (D:4)
  A wyvern (D:12)
  A wraith (D:8)
  22 yaks
  A fire elemental (Orc:2)
  3 hungry ghosts
  A steam dragon (D:9)
  2 vampire mosquitoes (D:12)
  A basilisk (Lair:2)
  2 wargs
  Edmund (D:4)
  A naga (Lair:2)
  5 water moccasins
  Duvessa (D:6)
  5 porcupines
  2 ice beasts (D:11)
  A black bear (D:9)
  31 orc warriors
  3 sky beasts
  Purgy (Sewer)
  A hornet zombie (D:11)
  2 phantoms
  3 necrophages
  An eye of draining (D:11)
  5 ogres
  6 wolves (Lair:2)
  11 centaurs
  6 crocodiles
  13 bullfrogs
  2 big kobolds
  Blork the orc (D:4)
  An elf skeleton (D:8)
  A wyvern zombie (D:11)
  Dowan (D:6)
  A troll zombie (D:8)
  2 scorpions
  3 killer bees (D:9)
  4 wights (D:6)
  8 howler monkeys
  2 centaur zombies
  9 crimson imps
  A bullfrog zombie (D:12)
  9 orc priests
  A quasit (D:12)
  6 human zombies (D:8)
  21 orc wizards
  5 hounds
  2 jellies
  2 bullfrog skeletons
  A centaur skeleton (D:11)
  Natasha (D:4)
  2 iguanas
  6 worker ants
  An ogre zombie (D:8)
  A hound zombie (D:10)
  2 hound skeletons
  2 mummies
  A howler monkey zombie (D:6)
  Robin (D:2)
  6 gnolls
  A howler monkey skeleton (D:6)
  18 adders
  3 shadow imps
  An ooze (D:5)
  An adder zombie (D:5)
  A worm (D:3)
  A dart slug (D:4)
  5 leopard geckos
  61 orcs
  A ball python (D:1)
  4 giant cockroaches
  25 goblins
  7 hobgoblins
  13 jackals
  36 kobolds
  2 quokkas
  9 bats
  8 frilled lizards
  2 hobgoblin zombies (D:6)
  A kobold zombie (D:6)
  An orc zombie (D:6)
  7 rats
  A butterfly (Lair:1)
  A plant (Lair:1)
505 creatures vanquished.

Vanquished Creatures (others)
  A slave (D:7)
  An ogre (D:7)
  A centaur (D:7)
  A bullfrog zombie (D:10)
  An orc wizard (Orc:2)
  A hound skeleton (D:7)
  An orc (D:7)
  A fungus (Lair:1)
  5 plants
13 creatures vanquished.

Grand Total: 518 creatures vanquished

Notes
Turn   | Place    | Note
-------+----------+-------------------------------------------
     0 | D:1      | rodrick the Troll Monk began the quest for the Orb.
     0 | D:1      | Reached XP level 1. HP: 22/22 MP: 0/0
    84 | D:1      | Reached XP level 2. HP: 29/29 MP: 1/1
   788 | D:2      | Noticed Robin
   789 | D:2      | Reached XP level 3. HP: 36/36 MP: 2/2
   811 | D:2      | Killed Robin
  1041 | D:2      | Reached XP level 4. HP: 43/45 MP: 3/3
  1707 | D:3      | Reached skill level 4 in Unarmed Combat
  1799 | D:3      | Reached XP level 5. HP: 53/53 MP: 4/4
  1849 | D:3      | Found a radiant altar of Vehumet.
  2194 | D:4      | Found a glowing drain.
  2208 | Sewer    | Entered a sewer
  2217 | Sewer    | Reached skill level 1 in Throwing
  2257 | Sewer    | Noticed Purgy
  2267 | Sewer    | Killed Purgy
  2267 | Sewer    | Reached skill level 5 in Unarmed Combat
  2267 | Sewer    | Reached XP level 6. HP: 58/61 MP: 5/5
  2416 | D:4      | Noticed Edmund
  2429 | D:4      | Killed Edmund
  2434 | D:4      | Found Nodghimy's Book Shoppe.
  2674 | D:4      | Noticed Natasha
  2679 | D:4      | Killed Natasha
  2749 | D:4      | Noticed Sigmund
  2754 | D:4      | Killed Sigmund
  2754 | D:4      | Reached XP level 7. HP: 62/68 MP: 6/6
  2805 | D:4      | Reached skill level 6 in Unarmed Combat
  3051 | D:4      | Noticed Blork the orc
  3080 | D:4      | Killed Blork the orc
  3252 | D:4      | Found a staircase to the Ecumenical Temple.
  3253 | D:4      | Noticed Malificent's ghost (amateur VSAs)
  3257 | Temple   | Entered the Ecumenical Temple
  3342 | Temple   | Became a worshipper of Qazlal Stormbringer
  3342 | Temple   | Reached * piety under Qazlal
  3342 | Temple   | Reached ** piety under Qazlal
  3367 | D:4      | Killed Malificent's ghost
  3367 | D:4      | Reached XP level 8. HP: 67/78 MP: 7/7
  3464 | D:5      | Entered Level 5 of the Dungeon
  3636 | D:5      | Reached skill level 7 in Unarmed Combat
  4295 | D:6      | Noticed Dowan
  4299 | D:6      | Noticed Duvessa
  4301 | D:6      | Killed Dowan
  4338 | D:6      | Killed Duvessa
  4399 | D:6      | Found an ancient bone altar of Kikubaaqudgha.
  4465 | D:6      | Reached skill level 5 in Fighting
  4465 | D:6      | Reached skill level 8 in Unarmed Combat
  4496 | D:6      | Reached XP level 9. HP: 52/88 MP: 8/8
  4502 | D:6      | Noticed Grinder
  4521 | D:6      | Killed Grinder
  4521 | D:6      | Reached skill level 5 in Dodging
  4619 | D:6      | Reached skill level 1 in Invocations
  4626 | D:6      | Reached *** piety under Qazlal
  4846 | D:7      | Noticed Pikel
  4857 | D:7      | Killed Pikel
  4879 | D:7      | Reached skill level 9 in Unarmed Combat
  4999 | D:7      | Reached skill level 5 in Throwing
  5434 | D:8      | Noticed a two-headed ogre
  5440 | D:8      | Killed a two-headed ogre
  5440 | D:8      | Reached XP level 10. HP: 62/98 MP: 11/11
  5916 | D:8      | Reached **** piety under Qazlal
  5951 | D:8      | Found a basalt altar of Yredelemnul.
  6119 | D:9      | Reached skill level 10 in Unarmed Combat
  6390 | D:9      | Found a hazy altar of Hepliaklqana.
  6579 | D:9      | Found a shimmering altar of Xom.
  6801 | D:9      | Found a blossoming altar of Fedhas.
  6801 | D:9      | Found a burning altar of Makhleb.
  6889 | D:10     | Entered Level 10 of the Dungeon
  7071 | D:10     | Noticed Joseph
  7087 | D:10     | Killed Joseph
  7131 | D:10     | Reached XP level 11. HP: 15/106 MP: 13/13
  7354 | D:10     | Reached ***** piety under Qazlal
  7426 | D:10     | Found a staircase to the Lair.
  7491 | D:10     | Reached skill level 11 in Unarmed Combat
  7697 | D:10     | Found a glowing silver altar of Zin.
  7863 | D:10     | Killed an unseen horror
  7863 | D:10     | Reached skill level 5 in Invocations
  8134 | D:11     | Found a flagged portal.
  8134 | D:11     | Noticed a purple ugly thing
  8142 | D:11     | Killed a purple ugly thing
  8153 | Bailey   | Entered a bailey
  8193 | Bailey   | Noticed an orc knight
  8199 | Bailey   | Noticed an orc knight
  8202 | Bailey   | Killed an orc knight
  8212 | Bailey   | Killed an orc knight
  8496 | D:11     | Found a labyrinth entrance.
  8503 | Lab      | Entered a labyrinth
  8661 | Lab      | Noticed a minotaur
  8671 | Lab      | Killed a minotaur
  8674 | Lab      | Got a smoking shield
  8680 | Lab      | Identified the cursed +0 shield of Reason {+Blink MR++ Dex+4} (You took it off a minotaur in a labyrinth)
  8682 | Lab      | Identified the Tome of Altruism
  8685 | Lab      | Identified Sif Muna's Collected Works on Earth
  9228 | D:11     | Reached XP level 12. HP: 63/118 MP: 15/15
  9364 | D:11     | Reached skill level 12 in Unarmed Combat
  9871 | D:12     | Reached skill level 1 in Shields
  9888 | D:12     | Found Wutros's Weapon Shop.
  9954 | D:12     | Found a blossoming altar of Fedhas.
 10253 | D:12     | Found a staircase to the Orcish Mines.
 10399 | Orc:1    | Entered Level 1 of the Orcish Mines
 10532 | Orc:2    | Entered Level 2 of the Orcish Mines
 10539 | Orc:2    | Noticed a stone giant
 10625 | Orc:1    | Killed a stone giant
 10792 | Orc:1    | Reached skill level 1 in Evocations
 11313 | Orc:2    | Noticed Saint Roka
 11687 | Orc:2    | Noticed Maurice
 11694 | Orc:2    | Killed Maurice
 11694 | Orc:2    | Reached XP level 13. HP: 125/128 MP: 17/17
 11732 | Orc:2    | Found a staircase to the Elven Halls.
 12009 | Lair:1   | Entered Level 1 of the Lair of Beasts
 12159 | Lair:1   | Reached skill level 13 in Unarmed Combat
 12857 | Lair:2   | Noticed Sonja
 12868 | Lair:1   | HP: 5/128 [yak (10)]
 13123 | Lair:2   | Killed Sonja
 13138 | Lair:2   | Found a staircase to the Snake Pit.
 13994 | Snake:1  | Entered Level 1 of the Snake Pit
 14058 | Snake:1  | HP: 2/130 [naga sharpshooter/bolt (15)]
 14059 | Snake:1  | Shot with a bolt by a naga sharpshooter

Skill      XL: |  1  2  3  4  5  6  7  8  9 10 11 12 13 |
---------------+----------------------------------------+-----
Fighting       | 3 4 5 6 7 8 |  8.9
Unarmed Combat | 4 5 6 8 9 10 11 12 13 | 13.2
Dodging        | 3 4 5 6 7 |  7.5
Throwing       | 1 2 3 4 5 6 7 8 |  8.8
Invocations    | 3 4 6 7 |  7.4
Shields        | 3 4 |  4.3
Evocations     | 2 3 |  3.2
Stealth        | |  1.2

Action                   |  1- 3 |  4- 6 |  7- 9 | 10-12 | 13-15 || total
-------------------------+-------+-------+-------+-------+-------++-------
Melee: Unarmed           |    97 |   117 |   310 |   726 |   206 ||  1456
       Punch             |     1 |     2 |    18 |    24 |       ||    45
Throw: Throwing net      |       |       |       |     2 |       ||     2
       Tomahawk          |       |       |       |    31 |       ||    31
       Large rock        |       |       |       |     7 |       ||     7
Invok: Upheaval          |       |       |       |     6 |     4 ||    10
       Disaster Area     |       |       |       |     5 |       ||     5
  Use: Scroll            |       |     9 |     8 |    10 |     1 ||    28
       Potion            |       |       |       |     4 |     2 ||     6
 Stab: Sleeping          |       |     3 |       |       |       ||     3
  Eat: Chunk             |    15 |    15 |    25 |    72 |    19 ||   146
Armor: Robe              |    25 |    44 |    58 |    78 |       ||   205
       Troll leather arm |       |       |       |    19 |    42 ||    61
Dodge: Dodged            |    46 |    72 |   121 |   312 |    59 ||   610
       Deflected         |       |       |       |    75 |     3 ||    78
Block: Other             |       |       |    14 |    82 |       ||    96
       Shield            |       |       |       |   352 |   146 ||   498
